AoeStats
← Duquegdaniel

Hideout

509782208Analyzed
1v1 RM · 5d ago on Sep 28, 2026· 37m 31s· 2 players
Game mode
Random Map
Map size
Tiny (2 player)
Population
200
Speed
Normal
Resources
Standard
Victory
Conquest
Starting age
Dark Age
Ending age
Imperial Age
RankedLock teamsTeams togetherTeam positionsShared explorationLock speedFull tech treeHidden civsTurbo modeCheats
Victory
Defeat
🇨🇦 Gurjaras · Canada
1425
+17
🇨🇴 Mongols · Colombia
1436
-17
randomplayer4114
10:45 Feudal Age
12:16 Loom
14:40 Castle Age
13:31 Fletching
14:25 Padded Archer Armor
16:36 Double-Bit Axe
18:23 Horse Collar
24:18 Bow Saw
24:09 Heavy Plow
33:24 Town Watch
34:14 Wheelbarrow
34:13 Bodkin Arrow
34:48 Bloodlines
34:39 Husbandry
35:50 Scale Barding Armor
35:56 Forging
37:46 Hand Cart
Duquegdaniel
7:23 Loom
9:15 Feudal Age
10:21 Double-Bit Axe
15:46 Fletching
18:45 Wheelbarrow
22:29 Castle Age
23:31 Bow Saw
23:30 Scale Barding Armor
23:36 Forging
27:18 Husbandry
32:47 Chain Barding Armor
35:16 Bloodlines
Connection lost

Rejoining the realm…

Still unreachable

The connection could not be restored.

Session expired

The server has moved on; the page needs a fresh start.